 Dungeon Crawl Stone Soup version 0.23.2-1-ga50397a (webtiles) character file.

Game seed: 13087108946213832531

42 steinardarri the Vexing (level 3, -4/20 HPs)
             Began as a Kobold Arcane Marksman on June 2, 2019.
             Slain by Terence
             ... wielding a +3 hand axe of chopping
              (7 damage)
             ... on level 2 of the Dungeon.
             The game lasted 00:15:32 (1684 turns).

steinardarri the Vexing (Kobold Arcane Marksman)    Turns: 1684, Time: 00:15:33

Health: -4/20      AC:  2    Str:  7    XL:     3   Next: 80%
Magic:  5/5        EV: 16    Int: 14    God:
Gold:   96         SH:  0    Dex: 16    Spells: 2/5 levels left

rFire    . . .     SeeInvis .   a - +0 hand crossbow
rCold    . . .     Gourm    .   (shield restricted)
rNeg     . . .     Faith    .   e - +0 robe
rPois    .         Spirit   .   (no helmet)
rElec    .         Reflect  .   (no cloak)
rCorr    .         Harm     .   (no gloves)
MR       .....                  (no boots)
Stlth    ++........             (no amulet)
HPRegen  0.06/turn              (no ring)
MPRegen  0.09/turn              (no ring)

@: no status effects
A: small, carnivore
a: no special abilities


You were on level 2 of the Dungeon.
You were very full.

You visited 1 branch of the dungeon, and saw 2 of its levels.

You collected 96 gold pieces.

Inventory:

Hand Weapons
 a - a +0 hand crossbow (weapon)
 h - a +1 whip of venom
 j - a +0 dagger
Missiles
 g - 10 arrows
Armour
 e - a +0 robe (worn)
 o - a +0 ring mail
Scrolls
 b - a scroll of remove curse {unknown}
 c - 2 scrolls of identify {unknown}
 l - a scroll of teleportation {unknown}
 m - a scroll of enchant weapon {unknown}
Potions
 i - a potion of lignification {unknown}
 k - a potion of agility {unknown}
 p - a potion of resistance {unknown}
Comestibles
 f - 6 rations


   Skills:
 - Level 1.6 Fighting
 - Level 0.8 Short Blades
 - Level 3.1 Crossbows
 - Level 0.1 Armour
 - Level 2.8 Dodging
 - Level 0.7 Stealth
 + Level 1.6 Spellcasting
 * Level 3.2 Hexes


You had 2 spell levels left.
You knew the following spells:

 Your Spells              Type           Power        Failure   Level  Hunger
a - Corona                Hex            ##.....      6%          1    ##.....
b - Slow                  Hex            ##......     10%         2    ###....

Your spell library contained the following spells:

 Spells                   Type           Power        Failure   Level  Hunger
 Inner Flame              Hex/Fire       #.......     36%         3    ####...
 Portal Projectile        Hex/Tloc       #.....       36%         3    ####...
 Cause Fear               Hex            ##........   54%         4    #####..
 Leda's Liquefaction      Hex/Erth       #.........   77%         4    #####..


Dungeon Overview and Level Annotations

Branches:
Dungeon (2/15)

Altars:
Gozag

Annotations:
D:2 Terence


Innate Abilities, Weirdness & Mutations

You are small and have problems with some larger weapons.
You are carnivorous and can eat meat at any time.


Message History

Terence is heavily wounded.
Terence hits you with a +3 hand axe of chopping.
Firing (i - inventory)
d - 2 bolts (quivered)
Press: ? - help, Shift-Dir - straight line, f/p - Terence
Aim: Terence, wielding a +3 hand axe of chopping and wearing a +0 ring mail (heavily wounded)
You shoot a bolt. The bolt closely misses Terence.
Terence hits you with a +3 hand axe of chopping!
* * * LOW HITPOINT WARNING * * *
x2 You are too injured to fight recklessly!
You are too injured to fight recklessly!
You are too injured to fight recklessly!
Firing (i - inventory)
d - a bolt (quivered)
Press: ? - help, Shift-Dir - straight line, f/p - Terence
Aim: Terence, wielding a +3 hand axe of chopping and wearing a +0 ring mail (heavily wounded)
You shoot a bolt. The hobgoblin shouts!
The bolt hits Terence.
Terence is severely wounded.
Terence hits you with a +3 hand axe of chopping!
You die...

#...............###..# ....#
..#.............# ##.##
....# .##..........._.#
##g.##...#
...####.........###....#...#
##...##.........#........#
###).#.........#.......##
#####.#.........#....>..##
#.....(#......#..........##
.......(.(...<.@@.......[.#
###..........(.##.......#.#
#............##.......###
#............##.......#
#............##.......#
#............##.......#
#............##########
###...........##
#.....##.....##


You could see Terence and a hobgoblin.

Vanquished Creatures
  An ooze (D:2)
  A dart slug (D:1)
  A leopard gecko (D:2)
  A giant cockroach (D:1)
  6 goblins
  2 hobgoblins
  2 jackals (D:2)
  5 kobolds
  A quokka (D:2)
  6 bats
  4 frilled lizards
  3 rats (D:1)
33 creatures vanquished.

Notes
Turn   | Place    | Note
-------+----------+-------------------------------------------
     0 | D:1      | steinardarri the Kobold Arcane Marksman began the quest for
                  | the Orb.
     0 | D:1      | Reached XP level 1. HP: 12/12 MP: 2/2
   108 | D:1      | Reached XP level 2. HP: 16/16 MP: 0/3
   319 | D:1      | Learned a level 2 spell: Slow
   401 | D:1      | Reached XP level 3. HP: 20/20 MP: 5/5
   577 | D:2      | Found an opulent altar of Gozag.
   713 | D:2      | Noticed Terence
  1684 | D:2      | Slain by Terence

Skill      XL: |  1  2  3 |
---------------+----------+-----
Crossbows      | 3 |  3.1
Fighting       | |  1.6
Short Blades   | |  0.8
Armour         | |  0.1
Dodging        | |  2.8
Stealth        | |  0.7
Spellcasting   | |  1.6
Hexes          | |  3.2

Action                   || total
-------------------------++-------
Melee: Dagger            ||    12
 Fire: Hand crossbow     ||    72
 Cast: Corona            ||     9
       Slow              ||     4
  Eat: Chunk             ||    10
Armor: Ring mail         ||    12
Dodge: Dodged            ||    49
